 Dungeon Crawl Stone Soup version 0.29.1-12-g30fa7ad0bf (webtiles) character file.

Game seed: 2299744500986659876

436 FaviusArthum the Conjurer (level 6, -13/34 HPs)
             Began as a Deep Elf Conjurer on Jan 11, 2023.
             Was an Initiate of Sif Muna.
             Mangled by an ogre
             ... wielding a +0 giant spiked club
              (15 damage)
             ... on level 4 of the Dungeon.
             The game lasted 00:25:35 (6853 turns).

FaviusArthum the Conjurer (Deep Elf Conjurer)       Turns: 6853, Time: 00:25:37

Health: -13/34     AC:  4    Str:  4    XL:     6   Next: 69%
Magic:  14/16      EV: 12    Int: 25    God:    Sif Muna [......]
Gold:   276        SH:  0    Dex: 13    Spells: 13/16 levels left

rFire   + + +      SeeInvis .   r - +5 quarterstaff of Fusse {spect, *Rage rElec rF+++ rC+}
rCold   + . .      Faith    .   (shield currently unavailable)
rNeg    . . .      Spirit   .   a - +1 robe
rPois   .          Reflect  .   (no helmet)
rElec   +          Harm     .   (no cloak)
rCorr   .          Rampage  .   e - +0 pair of gloves
Will    .....      Rage     20% (no boots)
Stlth   ++........              u - amulet of magic regeneration
HPRegen 0.11/turn               p - ring of protection from fire
MPRegen 0.55/turn               (no ring)

@: no status effects
A: no striking features
a: Renounce Religion


You were on level 4 of the Dungeon.
You worshipped Sif Muna.
Sif Muna was noncommittal.
You visited 1 branch of the dungeon, and saw 5 of its levels.

You collected 276 gold pieces.

Inventory:

Hand Weapons
 c - a +0 mace of protection
 r - the +5 quarterstaff of Fusse (weapon) {spect, *Rage rElec rF+++ rC+}
   (You found it on level 2 of the Dungeon)

   When its wielder attacks, the weapon's spirit leaps out and strikes again.
   The spirit shares a part of any damage it takes with its wielder.
   rF:        It renders you almost immune to fire.
   rC:        It protects you from cold.
   rElec:     It insulates you from electricity.
   *Rage:     It berserks you when you make melee attacks (+20% chance).
 F - a +0 war axe
Armour
 a - a +1 robe (worn)
 e - a +0 pair of gloves (worn)
 s - an orb of wrath
 t - a scarf of invisibility
Jewellery
 p - a ring of protection from fire (left hand)
 u - an amulet of magic regeneration (around neck)
Wands
 m - a wand of flame (5)
 B - a wand of charming (5)
Scrolls
 j - a scroll of brand weapon
 n - a scroll of enchant armour
 o - a scroll of noise
 v - 2 scrolls of amnesia
 w - 4 scrolls of teleportation
 x - a scroll of immolation {unknown}
 y - a scroll of blinking {unknown}
 A - a scroll of summoning {unknown}
 C - a scroll of fear {unknown}
 D - a scroll of poison {unknown}
 E - a scroll of enchant weapon {unknown}
Potions
 b - 2 potions of magic
 d - 2 potions of lignification
 f - a potion of brilliance {unknown}
 g - a potion of cancellation
 h - a potion of flight {unknown}
 i - a potion of heal wounds {unknown}
 k - a potion of berserk rage {unknown}
 l - 6 potions of curing
 q - a potion of degeneration {unknown}
 z - 2 potions of resistance {unknown}


   Skills:
 + Level 1.0 Fighting
 + Level 0.7(1.1) Maces & Flails
 + Level 1.7(2.0) Staves
 + Level 2.7 Dodging
 + Level 3.8 Stealth
 + Level 5.8 Spellcasting
 + Level 6.4 Conjurations


You had 13 spell levels left.
You knew the following spells:

 Your Spells              Type           Power      Damage    Failure   Level
a - Magic Dart            Conj           100%       1d8       1%          1
b - Searing Ray           Conj           78%        2d7       1%          2

Your spell library contained the following spells:

 Spells                   Type           Power      Damage    Failure   Level
 Dazzling Flash           Conj/Hex       46%        N/A       6%          3
 Stone Arrow              Conj/Erth      46%        3d9       6%          3
 Sandblast                Erth           14%        2d6       8%          1
 Passwall                 Tmut/Erth      5%         N/A       12%         2
 Fulminant Prism          Conj/Hex       11%        3d9       21%         4
 Iskenderun's Mystic Bla  Conj/Tloc      23%        2d6       21%         4


Dungeon Overview and Level Annotations

Branches:
Dungeon (5/15)             Temple (0/1) D:5

Altars:
Elyvilon
Qazlal
Sif Muna
Uskayaw
Wu Jian
Zin

Shops:
D:1 (   D:2 (

Annotations:
D:4 1 runed translucent door, vvl's ghost, novice DsVM


Message History

Aim: a phantom (severely damaged, 100% to hit)
The magic dart hits the phantom.
The phantom is almost destroyed.
The phantom hits you.
Casting: Magic Dart (safe; 1% risk of failure)
Confirm with . or Enter, or press ? or * to list all spells.
Aiming: Magic Dart (safe; 1% risk of failure)
Press: ? - help, Shift-Dir - straight line, f/p - phantom
Aim: a phantom (almost destroyed, 100% to hit)
The magic dart hits the phantom.
You destroy the phantom!
Sif Muna accepts your kill.
Your Fighting skill increases to level 1!
You start resting.
Magic restored.
You start resting.
HP restored.
You start waiting.
Done waiting.
You start waiting.
Done waiting.
You climb downwards.
The ogre hits you with a +0 giant spiked club!!
Ouch! That really hurt!
There is a stone staircase leading up, spattered with blood here.
The ogre hits you with a +0 giant spiked club!
* * * LOW HITPOINT WARNING * * *
You climb upwards.
Level annotation: 1 runed translucent door, vvl's ghost, novice DsVM
There is a stone staircase leading down here.
Casting: Magic Dart (safe; 1% risk of failure)
Confirm with . or Enter, or press ? or * to list all spells.
Aiming: Searing Ray (safe; 1% risk of failure)
Press: ? - help, Shift-Dir - straight line, f - ogre
Aim: an ogre, wielding a +0 giant spiked club (91% to hit)
The searing ray hits the ogre!
The ogre is moderately wounded. (Press . to maintain the ray.)
The ogre hits you with a +0 giant spiked club!
You die...

#.######## #.# ##.
#........# #.# #####.
#.######.# #.# #.#...
#.# #.# #.# #....⌠
#.# ####.# #.# #...P(
#.###.##.# #.###.#_P_
#....#.#.###.....P###
#.#.###.............#
#.##@#.#.############
#.###O##.# #........#
##########


You could see an ogre.

Vanquished Creatures
  2 phantoms (D:4)
  2 hounds
  2 orc priests (D:4)
  A jelly (D:4)
  An iguana (D:3)
  A gnoll (D:1)
  2 adders
  3 worms
  2 dart slugs (D:1)
  8 orcs
  8 endoplasms
  4 giant cockroaches (D:1)
  4 goblins
  8 hobgoblins
  2 jackals (D:4)
  7 kobolds
  2 quokkas
  10 ball pythons
  3 bats
  5 rats
77 creatures vanquished.

Vanquished Creatures (others)
  2 plants (D:4)
2 creatures vanquished.

Grand Total: 79 creatures vanquished

Notes
Turn   | Place    | Note
-------+----------+-------------------------------------------
     0 | D:1      | FaviusArthum the Deep Elf Conjurer began the quest for the
                  | Orb.
     0 | D:1      | Reached XP level 1. HP: 10/10 MP: 6/6
   559 | D:1      | Reached XP level 2. HP: 15/15 MP: 5/8
   562 | D:1      | Learned a level 2 spell: Searing Ray
   751 | D:1      | Found a faded altar of an unknown god.
  1092 | D:1      | Found Gasunejo's Weapon Shop.
  1122 | D:1      | Reached skill level 5 in Conjurations
  1518 | D:1      | Reached XP level 3. HP: 19/19 MP: 4/9
  3124 | D:2      | Found Moggiuh's Antique Weapon Emporium.
  3260 | D:2      | Identified the +5 quarterstaff of Fusse {spect, *Rage rElec
                  | rF+++ rC+}
  3952 | D:3      | Reached XP level 4. HP: 24/24 MP: 9/12
  4214 | D:3      | Found a stormy altar of Qazlal.
  4585 | D:4      | Noticed a phantom
  4598 | D:4      | Killed a phantom
  4599 | D:4      | Reached skill level 6 in Conjurations
  4599 | D:4      | Reached XP level 5. HP: 24/28 MP: 10/14
  4748 | D:4      | Found an ornate altar of the Wu Jian Council.
  4959 | D:4      | Reached skill level 5 in Spellcasting
  5052 | D:4      | Reached skill level 1 in Staves
  5052 | D:4      | Reached XP level 6. HP: 19/33 MP: 10/15
  5459 | D:4      | Found a white marble altar of Elyvilon.
  5478 | D:4      | Found a hide-covered altar of Uskayaw.
  5478 | D:4      | Found a glowing silver altar of Zin.
  5743 | D:4      | Found a shimmering blue altar of Sif Muna.
  5754 | D:4      | Became a worshipper of Sif Muna the Loreminder
  5819 | D:4      | Found a runed translucent door.
  5820 | D:4      | Noticed vvl's ghost (novice DsVM)
  6133 | D:5      | Entered Level 5 of the Dungeon
  6357 | D:5      | Found a staircase to the Ecumenical Temple.
  6572 | D:4      | Reached skill level 1 in Fighting
  6853 | D:4      | Mangled by an ogre

Illustrated notes

Levels and vault maps discovered:
D:1:      matt_arrival_diagonals, layout_loops_corners, serial_shops,
          nicolae_diamond_shop, hellmonk_ecumenical_altar_run_dry
D:2:      layout_loops_ring, serial_shops, nicolae_lakefront_shop, corexii_shack
D:3:      layout_rooms, grunt_qazlal_clouds
D:4:      layout_loops_ring, mainiacjoe_overflow_alcove_1,
          nicolae_wu_jian_wuxing_cycle, gammafunk_temple_overflow_forgotten,
          ebering_ghost_reflecting_pool
D:5:      layout_cave_pools, minmay_temple_entry_stoned_glass,
          grunt_ministairs_7, hex_medium, uniq_eustachio, uniq_edmund

Skill      XL: |  1  2  3  4  5  6 |
---------------+-------------------+-----
Conjurations   | 5 6 |  6.4
Spellcasting   | 4 5 |  5.8
Stealth        | 3 |  3.8
Staves         | 1 |  1.7
Fighting       | 1 |  1.0
Maces & Flails | |  0.7
Dodging        | |  2.7

Action                   |  1- 3 |  4- 6 || total
-------------------------+-------+-------++-------
Melee: Mace              |    11 |       ||    11
       Quarterstaff      |     8 |    27 ||    35
       Punch             |     1 |       ||     1
 Cast: Magic Dart        |    24 |    41 ||    65
       Searing Ray       |    28 |    25 ||    53
  Use: Scroll            |     5 |     2 ||     7
       Potion            |     1 |       ||     1
Armor: Robe              |     2 |     1 ||     3
Dodge: Dodged            |    16 |    12 ||    28
